 Dungeon Crawl Stone Soup version 0.24.0-10-g970556be89 (webtiles) character file.

Game seed: 9900524081436922078, levelgen mode: deterministic

14851 Iskender the Nimble (level 12, -14/64 HPs)
             Began as an Octopode Chaos Knight on Nov 4, 2019.
             Was a Plaything of Xom.
             Killed from afar by a shock serpent (glowing shapeshifter) (21 damage)
             ... with a bolt of electricity
             ... on level 12 of the Dungeon.
             The game lasted 01:30:20 (12142 turns).

Iskender the Nimble (Octopode Chaos Knight)        Turns: 12142, Time: 01:30:20

Health: -14/64     AC:  1    Str: 11    XL:     12   Next: 20%
Magic:  10/27      EV: 20    Int: 19    God:    Xom [....*.]
Gold:   758        SH: 12    Dex: 14    Spells: 8/17 levels left

rFire    . . .     SeeInvis .   a - +2 dagger (elec)
rCold    + . .     Gourm    .   u - +3 buckler
rNeg     + . .     Faith    .   y - +0 hat "Wurcheum" {+Inv}
rPois    .         Spirit   .   p - +4 amulet of reflection
rElec    .         Reflect  +   o - ring of positive energy
rCorr    .         Harm     .   T - +2 ring of dexterity
MR       ++...                  U - ring of protection from magic
Stlth    ++++++....             L - ring of magical power
HPRegen  1.20/turn              (no ring)
MPRegen  0.20/turn              (no ring)
                                (no ring)
                                (no ring)

@: about to teleport, regenerating
A: almost no armour, stealthy swim, amphibious, 8 rings, constrict 8, camouflage
2, cold resistance 1, frail 1, high mp 1, magic resistance 1, wild magic 1,
gelatinous body 1, no potion heal 1, MP-powered wands
a: Renounce Religion, Evoke Invisibility


You were on level 12 of the Dungeon.
You worshipped Xom.
You were a beloved toy of Xom.
You were not hungry.

You visited 2 branches of the dungeon, and saw 16 of its levels.
You also visited: Ossuary.

You collected 833 gold pieces.
You spent 75 gold pieces at shops.

Inventory:

Hand Weapons
 a - a +2 dagger of electrocution (weapon)
 A - a +4 long sword of freezing
 B - a +0 trident
Missiles
 k - 45 poisoned darts
 W - 2 curare-tipped darts (quivered)
Armour
 u - a +3 buckler (worn)
 y - the +0 hat "Wurcheum" (worn) {+Inv}
   (Xom gifted it to you on level 11 of the Dungeon)

   It lets you turn invisible.
Jewellery
 o - a ring of positive energy (left tentacle)
 p - a +4 amulet of reflection (around mantle)
 K - an uncursed amulet of magic regeneration
 L - a ring of magical power (on tentacle)
 T - a +2 ring of dexterity (right tentacle)
 U - a ring of protection from magic (on tentacle)
Wands
 b - a wand of scattershot (6)
 x - a wand of paralysis (11)
 C - a wand of digging (7)
 F - a wand of iceblast (1)
 G - a wand of flame (21)
 M - a wand of enslavement (5)
 N - a wand of disintegration (7)
 P - a wand of acid (18)
 Q - a wand of polymorph (19)
Scrolls
 c - 3 scrolls of magic mapping
 d - a scroll of fear
 h - a scroll of silence
 i - 7 scrolls of remove curse
 l - a scroll of fog {unknown}
 m - a scroll of enchant armour
 n - 2 scrolls of amnesia
 q - 4 scrolls of teleportation
 s - 3 scrolls of blinking
 v - a scroll of holy word
 R - a scroll of immolation
 S - a scroll of summoning
 V - a scroll of acquirement {unknown}
 Y - a scroll of vulnerability
 Z - a scroll of enchant weapon
Potions
 e - 2 potions of agility
 f - a potion of ambrosia
 g - 5 potions of curing
 j - a potion of cancellation {unknown}
 t - 4 potions of heal wounds
 w - a potion of invisibility
 z - a potion of haste
 D - a potion of berserk rage
 E - 2 potions of resistance {unknown}
 H - a potion of flight
 I - 2 potions of brilliance
 J - a potion of mutation {unknown}
Miscellaneous
 X - a phantom mirror
Comestibles
 r - 17 rations


   Skills:
 - Level 3.0 Fighting
 + Level 9.6 Short Blades
 - Level 3.0 Polearms
 + Level 10.3 Dodging
 - Level 10.0 Stealth
 - Level 4.2 Shields
 - Level 3.2 Spellcasting
 - Level 5.4 Conjurations
 - Level 1.4 Charms
 - Level 7.1 Necromancy
 - Level 3.5 Fire Magic
 - Level 2.0 Evocations


You had 8 spell levels left.
You knew the following spells:

 Your Spells              Type           Power        Failure   Level  Hunger
a - Pain                  Necr           ####         1%          1    None
c - Regeneration          Chrm/Necr      ####......   12%         3    ###....
d - Conjure Flame         Conj/Fire      ####....     11%         3    ###....
n - Animate Skeleton      Necr           N/A          1%          1    None
Z - Summon Small Mammal   Summ           #...         22%         1    None

Your spell library contained the following spells:

 Spells                   Type           Power        Failure   Level  Hunger
 Vampiric Draining        Necr           #####.....   4%          3    ###....
 Sting                    Conj/Pois      ###.         8%          1    None
 Animate Dead             Necr           N/A          12%         4    ####...
 Apportation              Tloc           #.....       22%         1    None
 Beastly Appendage        Tmut           #.....       22%         1    None
 Confusing Touch          Hex            #.....       22%         1    None
 Poisonous Vapours        Pois/Air       #.....       30%         2    ##.....
 Sticks to Snakes         Tmut           #.......     30%         2    ##.....
 Mephitic Cloud           Conj/Pois/Air  ##......     30%         3    ###....
 Spider Form              Tmut/Pois      #.........   50%         3    ###....
 Venom Bolt               Conj/Pois      ###.......   86%         5    ######.
 Ice Form                 Ice/Tmut       #.......     88%         4    ####...
 Olgreb's Toxic Radiance  Pois           #.......     88%         4    ####...
 Blade Hands              Tmut           #.........   99%         5    ######.
 Freezing Cloud           Conj/Ice/Air   ##........   100%        6    #######
 Ring of Flames           Chrm/Fire      ###.......   100%        7    #######


Dungeon Overview and Level Annotations

Branches:
Dungeon (15/15)            Temple (1/1) D:4            Lair (0/6) D:9
    Orc (0/2) D:12         Depths (0/5) D:15        Ossuary (visited)
 Vaults: D:13-14

Altars:
Ashenzari
Cheibriados
Dithmenos
Elyvilon
Fedhas
Gozag
Hepliaklqana
Kikubaaqudgha
Makhleb
Nemelex Xobeh
Okawaru
Qazlal
Ru
Sif Muna
Trog
Uskayaw
Vehumet
Wu Jian
Xom
Yredelemnul
Zin
The Shining One

Shops:
D:6 *

Annotations:
D:5 3 runed translucent doors, ring, Mrkan's ghost, novice MiFi
D:7 exclusion: door, Dowan; Duvessa
D:9 2 transporters, XiaXia's ghost, novice MiBe
D:12 exclusion: hungry ghost, Erolcha; Snorg
D:14 exclusion: 2 tengu conjurers, Nessos


Innate Abilities, Weirdness & Mutations

You cannot wear most types of armour.
You are very stealthy in the water. (Stealth+)
You are amphibious.
You can wear up to eight rings at the same time.
You can use your tentacles to constrict eight enemies at once.
Your skin blends seamlessly with your surroundings (Stealth++).
Your rubbery body absorbs attacks. (AC +1, EV +1)
Your flesh is cold resistant. (rC+)
You are frail. (-10% HP)
You have an increased reservoir of magic. (+10% MP)
You are resistant to hostile enchantments. (MR+)
Your spells are a little harder to cast, but a little more powerful.
Potions are less effective at restoring your health.
You expend magic power (3 MP) to strengthen your wands.


Message History

Press: ? - help, Dir - move target cursor The fire ignites!
A cyclops comes into view.
Casting: Conjure Flame (safe; 11% risk of failure)
Confirm with . or Enter, or press ? or * to list all spells.
Your skin crawls.
You hear a bellow! x2
As you read the scroll of teleportation, it crumbles to dust.
You feel strangely unstable.
A shock serpent comes into view.
The shock serpent is engulfed in blazing flames.
The shock serpent bites you! The shock serpent shocks you!
* * * LOW HITPOINT WARNING * * *
The shock serpent's electric aura discharges, shocking you!
* * * LOW HITPOINT WARNING * * *
The shock serpent is engulfed in blazing flames.
The shock serpent shoots out a bolt of lightning at you!
The bolt of electricity hits you!!
You die...
Xom chuckles heartily!

..#...#.........#
###[..#..%....(.#
####...#..⌠.⌠..#
...#....#.....#
...##....#...#
#...##....#'#....#
...#.######.######
#..#....#.....#..##
......###.#..#.#@S##
...####
#.##.#.#.#.## ##.#
#. #.#..###)# #.# ..
..###.#.## #.#
.....###.O## #.#
.W........Y# ##.##
O[...#####.####
....#
.....#[.....)<#
##..#
#######..##Y#..#


You could see a shock serpent.

Vanquished Creatures
  A two-headed ogre (D:10)
  A tengu warrior (D:13)
  Sonja (D:10)
  A deep elf mage (D:15)
  A cyclops (D:11)
  An ugly thing (D:11)
  A manticore (D:12)
  Joseph (D:7)
  3 centaur zombies
  A centaur skeleton (D:14)
  A kobold demonologist (D:12)
  A meliai (D:10)
  A hornet (D:14)
  Grinder (D:4)
  4 slime creatures (D:12)
  2 hippogriffs
  A shadow (D:11)
  3 hogs (D:7)
  8 yaks
  A wyvern (D:10)
  A human (D:7)
  5 vampire mosquitoes
  A hungry ghost (D:9)
  6 orc warriors
  3 sky beasts
  2 black bears
  3 necrophages
  2 ogres
  3 ice beasts
  2 phantoms (D:9)
  A centaur (D:6)
  3 elf zombies (Ossuary)
  A big kobold (D:9)
  A gnoll sergeant (D:6)
  4 bullfrogs
  5 scorpions
  A water moccasin skeleton (D:9)
  9 killer bees
  3 wights (D:7)
  3 bullfrog zombies
  2 crimson imps
  2 quasits
  9 hounds
  2 human zombies (Ossuary)
  2 orc priests
  6 orc wizards
  A bullfrog skeleton (D:11)
  An iguana (D:10)
  Terence (D:2)
  8 worker ants
  2 big kobold zombies (Ossuary)
  3 hound zombies
  2 hound skeletons
  4 mummies
  A worker ant zombie (D:8)
  6 gnolls (D:6)
  11 adders
  2 adder skeletons
  3 adder zombies
  5 worms
  2 dart slugs
  3 leopard geckos
  23 orcs
  3 ball pythons
  4 giant cockroaches
  A gnoll zombie (Ossuary)
  7 goblins
  10 hobgoblins
  3 jackals
  20 kobolds
  5 quokkas
  10 bats
  8 frilled lizards
  4 goblin zombies (Ossuary)
  A hobgoblin zombie (Ossuary)
  5 jackal zombies (Ossuary)
  5 kobold zombies (Ossuary)
  An orc zombie (D:4)
  A quokka skeleton (D:5)
  7 quokka zombies
  3 rats
  2 rat zombies (Ossuary)
295 creatures vanquished.

Vanquished Creatures (collateral kills)
  A hippogriff (D:10)
  A wraith (D:14)
  3 yaks
  A vampire mosquito (D:12)
  3 killer bees
  A necrophage (D:14)
  A bullfrog (D:6)
  An iguana (D:6)
  A worker ant (D:12)
  3 gnolls (D:6)
  A leopard gecko (D:6)
17 creatures vanquished.

Vanquished Creatures (others)
  A wyvern (D:12)
  A killer bee (D:9)
  An orc (D:7)
  2 withered plants (D:7)
5 creatures vanquished.

Grand Total: 317 creatures vanquished

Notes
Turn   | Place    | Note
-------+----------+-------------------------------------------
     0 | D:1      | Iskender the Octopode Chaos Knight began the quest for the
                  | Orb.
     0 | D:1      | Reached XP level 1. HP: 16/16 MP: 1/1
    27 | D:1      | Reached skill level 1 in Stealth
   134 | D:1      | XOM: harmless Pois miscast
   142 | D:1      | Reached XP level 2. HP: 21/21 MP: 2/2
   538 | D:2      | XOM: potion effect (haste)
   595 | D:2      | Reached XP level 3. HP: 26/26 MP: 3/3
   653 | D:2      | Found a basalt altar of Yredelemnul.
   698 | D:2      | XOM: divination: magic mapping
   713 | D:2      | Noticed Terence
   749 | D:2      | Killed Terence
   749 | D:2      | Reached skill level 5 in Stealth
   749 | D:2      | Reached XP level 4. HP: 20/31 MP: 4/4
  1277 | D:2      | XOM: harmless Conj miscast
  1412 | D:2      | XOM: divination: detect creatures
  1723 | D:3      | Reached XP level 5. HP: 29/36 MP: 5/5
  1781 | D:3      | Found a stormy altar of Qazlal.
  1877 | D:3      | Reached skill level 1 in Shields
  1896 | D:3      | XOM: silly message
  2039 | D:3      | Found a glowing silver altar of Zin.
  2041 | D:3      | XOM: divination: detect items
  2264 | D:4      | Found a sand-covered staircase.
  2293 | D:4      | Reached XP level 6. HP: 42/42 MP: 6/6
  2346 | Ossuary  | Entered an ossuary
  2408 | Ossuary  | XOM: harmless Air miscast
  2414 | Ossuary  | Reached skill level 1 in Short Blades
  2474 | Ossuary  | XOM: potion effect (heal wounds)
  2553 | Ossuary  | XOM: harmless Tmut miscast
  2575 | Ossuary  | Reached XP level 7. HP: 19/46 MP: 7/7
  2602 | Ossuary  | XOM: divination: detect items
  2668 | Ossuary  | XOM: harmless Pois miscast
  2883 | Ossuary  | XOM: medium Summ miscast
  2884 | Ossuary  | Noticed a hellwing
  3148 | D:4      | Found a staircase to the Ecumenical Temple.
  3148 | D:4      | Noticed Grinder
  3150 | D:4      | Killed Grinder
  3150 | D:4      | Reached skill level 5 in Dodging
  3154 | D:4      | Reached XP level 8. HP: 52/52 MP: 8/8
  3158 | Temple   | Entered the Ecumenical Temple
  3415 | D:4      | XOM: cloud trail
  3519 | D:4      | Found a hazy altar of Hepliaklqana.
  3576 | D:4      | Found a shadowy altar of Dithmenos.
  3863 | D:5      | Entered Level 5 of the Dungeon
  4030 | D:5      | Noticed Mrkan's ghost (novice MiFi)
  4241 | D:5      | Found a runed translucent gate.
  4241 | D:5      | Found a runed translucent gate.
  4241 | D:5      | Found a runed translucent gate.
  4253 | D:5      | XOM: silly message
  4329 | D:5      | XOM is BORED!
  4329 | D:5      | XOM: torment (30/52 hp)
  4854 | D:5      | Learned a level 1 spell: Animate Skeleton
  4856 | D:5      | Learned a level 1 spell: Summon Small Mammal
  4856 | D:5      | XOM: confuse monster(s)
  4932 | D:5      | XOM: enchant monster (good)
  5049 | D:6      | XOM: summons 8 friendly demons
  5310 | D:6      | Found Riruredi's Assorted Antiques.
  5320 | D:6      | Bought a glowing black potion for 24 gold pieces
  5320 | D:6      | Bought a glowing pink potion for 24 gold pieces
  5320 | D:6      | Bought a scroll labeled JANASE JIHOUGI for 27 gold pieces
  5430 | D:6      | XOM: silly message
  5431 | D:6      | XOM: smoke on damage
  5692 | D:6      | XOM: harmless Summ miscast
  5715 | D:6      | XOM: medium Chrm miscast
  5817 | D:6      | XOM: summons friendly white imp
  5911 | D:6      | Reached XP level 9. HP: 56/56 MP: 9/9
  5968 | D:7      | Noticed Joseph
  6029 | D:7      | Found an iron altar of Okawaru.
  6054 | D:7      | Found a shattered altar of Ashenzari.
  6432 | D:7      | XOM: confusion (+ monsters)
  6437 | D:7      | Reached skill level 5 in Short Blades
  6510 | D:7      | XOM: noise
  6528 | D:7      | Reached skill level 10 in Dodging
  6580 | D:7      | XOM: give mutations
  6580 | D:7      | Gained mutation: Potions are less effective at restoring
                  | your health. [Xom's mischief]
  6580 | D:7      | Gained mutation: You are frail. (-10% HP) [Xom's mischief]
  6733 | D:7      | XOM: harmless Necr miscast
  6779 | D:7      | XOM: blink monster(s)
  6785 | D:7      | XOM: summons friendly crimson imp
  6791 | D:7      | Killed Joseph
  6791 | D:7      | Reached XP level 10. HP: 50/55 MP: 10/10
  6836 | D:7      | Noticed Duvessa
  6836 | D:7      | Noticed Dowan
  6958 | D:8      | XOM: cast spell 'Dispersal'
  7115 | D:8      | Learned a level 1 spell: Pain
  7168 | D:8      | Reached skill level 1 in Necromancy
  7275 | D:8      | XOM: 4-stop teleportation journey
  7314 | D:8      | Noticed a +0 hand axe
  7318 | D:8      | Noticed a +0 hand axe
  7321 | D:8      | Found a hide-covered altar of Uskayaw.
  7343 | D:8      | Learned a level 3 spell: Regeneration
  8019 | D:9      | XOM: scenery: 1 doors open
  8023 | D:9      | XOM: confuse monster(s)
  8130 | D:9      | Found a transporter.
  8130 | D:9      | Identified the +9 great mace of Yluavvo {drain, +Inv rPois}
  8130 | D:9      | Noticed a two-headed ogre
  8132 | D:9      | Noticed XiaXia's ghost (novice MiBe)
  8133 | D:9      | Found a transporter.
  8168 | D:9      | Found a staircase to the Lair.
  8178 | D:9      | Reached skill level 1 in Charms
  8211 | D:9      | XOM: swap monsters
  8212 | D:9      | XOM: enchant monster (good)
  8255 | D:9      | Reached skill level 5 in Necromancy
  8409 | D:9      | Noticed a two-headed ogre
  8427 | D:9      | Noticed a brown ugly thing
  8440 | D:9      | XOM: enchant monster (good)
  8550 | D:9      | Found a burning altar of Makhleb.
  8555 | D:9      | XOM: confuse monster(s)
  8668 | D:10     | Entered Level 10 of the Dungeon
  8805 | D:10     | Reached skill level 1 in Spellcasting
  8821 | D:10     | Noticed a two-headed ogre
  8832 | D:10     | Killed a two-headed ogre
  8984 | D:10     | XOM: summons friendly ufetubus
  9017 | D:10     | XOM: fog
  9018 | D:10     | XOM: summons friendly shadow imp
  9217 | D:10     | XOM: god gift: runed broad axe {god gift}
  9249 | D:10     | XOM: fog
  9413 | D:10     | Noticed Sonja
  9419 | D:10     | Killed Sonja
  9419 | D:10     | Reached XP level 11. HP: 60/60 MP: 15/15
  9563 | D:10     | XOM: polymorph yak -> meliai
  9651 | D:10     | XOM: cast spell 'Summon Horrible Things'
  9919 | D:11     | Noticed a cyclops
  9921 | D:11     | XOM: god gift: ichor-stained hat {god gift}
  9923 | D:11     | Got an ichor-stained hat {god gift}
  9932 | D:10     | Identified the +0 hat "Wurcheum" {+Inv} (Xom gifted it to
                  | you on level 11 of the Dungeon)
 10049 | D:11     | Learned a level 3 spell: Conjure Flame
 10235 | D:11     | Killed a cyclops
 10235 | D:11     | Reached skill level 1 in Conjurations
 10235 | D:11     | Reached skill level 1 in Fire Magic
 10258 | D:11     | XOM: god gift: 2 scrolls of teleportation
 10298 | D:11     | XOM: enchant monster (good)
 10305 | D:11     | XOM: butterfly on damage
 10325 | D:11     | XOM: summons friendly ufetubus
 10469 | D:11     | Noticed a purple ugly thing
 10799 | D:12     | Noticed a manticore
 10800 | D:12     | XOM: divine lightning
 10804 | D:12     | Killed a manticore
 10978 | D:12     | Noticed an eight-headed hydra
 10987 | D:12     | XOM: fake destruction
 11001 | D:12     | XOM: scenery: create altars
 11119 | D:11     | XOM: divination: detect creatures
 11186 | D:11     | Killed a purple ugly thing
 11186 | D:11     | Reached skill level 1 in Evocations
 11271 | D:12     | XOM: confuse monster(s)
 11367 | D:12     | You fall into a shaft and drop 3 floors!
 11367 | D:15     | Entered Level 15 of the Dungeon
 11367 | D:15     | Found a staircase to the Depths.
 11368 | D:15     | Noticed a skeletal warrior
 11368 | D:15     | Noticed a phantasmal warrior
 11406 | D:15     | Noticed a deep elf mage
 11428 | D:15     | Killed a deep elf mage
 11428 | D:15     | Reached skill level 5 in Conjurations
 11446 | D:15     | XOM: give mutations
 11446 | D:15     | Gained mutation: You have an increased reservoir of magic.
                  | (+10% MP) [Xom's grace]
 11446 | D:15     | Gained mutation: Your spells are a little harder to cast,
                  | but a little more powerful. [Xom's grace]
 11446 | D:15     | Gained mutation: You expend magic power (3 MP) to
                  | strengthen your wands. [Xom's grace]
 11446 | D:15     | Gained mutation: You are resistant to hostile enchantments.
                  | (MR+) [Xom's grace]
 11529 | D:14     | Noticed a deep elf mage
 11586 | D:14     | Reached skill level 10 in Stealth
 11624 | D:14     | Reached XP level 12. HP: 46/64 MP: 12/18
 11706 | D:14     | XOM: scenery: 1 doors open, 1 doors close
 11737 | D:14     | Noticed Nessos
 11739 | D:14     | XOM: fog
 11786 | D:13     | Noticed a tengu warrior
 11801 | D:13     | XOM: cleaving
 11814 | D:13     | Killed a tengu warrior
 12040 | D:12     | Noticed Snorg
 12040 | D:12     | XOM: scenery: create altars
 12061 | D:12     | XOM: fake destruction
 12068 | D:12     | Found a staircase to the Orcish Mines.
 12068 | D:12     | XOM: 2-stop teleportation journey
 12102 | D:12     | XOM: give mutations
 12102 | D:12     | Gained mutation: Your flesh is cold resistant. (rC+) [Xom's
                  | grace]
 12102 | D:12     | Gained mutation: Your skin blends seamlessly with your
                  | surroundings (Stealth++). [Xom's grace]
 12107 | D:12     | Noticed Erolcha
 12119 | D:12     | Noticed a two-headed ogre
 12131 | D:12     | a two-headed ogre changed into a glowing shapeshifter
 12131 | D:12     | XOM: polymorph two-headed ogre -> glowing shapeshifter
 12141 | D:12     | Noticed a shock serpent
 12142 | D:12     | Killed from afar by a shock serpent (glowing shapeshifter)

Levels and vault maps discovered:
D:1:      erik_arrival_triangle_small, layout_basic
D:2:      layout_basic, lemuel_coloured_pillars_altar, uniq_terence
D:3:      layout_rooms, grunt_qazlal_clouds, zin_treasury
D:4:      layout_basic, lemuel_crystal_altar,
          nicolae_dithmenos_through_a_glass_darkly, minmay_temple_entry_fiery,
          enter_ossuary_3, uniq_grinder
D:5:      layout_basic, gammafunk_ghost_icy, first_ration
D:6:      layout_rooms, serial_shops, shop
D:7:      layout_loops_ring, kennysheep_mini_moat, serial_undead,
          serial_undead_d, serial_undead_a, serial_undead_e, serial_undead_d,
          grunt_livestock, okawaru_ov_weapons_minmay, uniq_duvessa, uniq_joseph
D:8:      layout_cave_pools, dancing_weapons_uskayaw
D:9:      layout_gridville, makhleb_blood_cavern_becter, lair_entry_dummy,
          gammafunk_ghost_smash
D:10:     layout_grid_maze, uniq_sonja
D:11:     layout_roguey
D:12:     kennysheep_ambush_hall, layout_loops_cross, erik_orc_1, uniq_erolcha,
          uniq_snorg
D:13:     layout_long_grid, david_vaults_2
D:14:     layout_roguey [special_room_orc], corexii_checkpoint_a, uniq_nessos
D:15:     gammafunk_depths_entry_grave, layout_layer_cave,
          chequers_serial_rivers_small_3
Temple:   eino_narrow_crystal_temple

Skill      XL: |  1  2  3  4  5  6  7  8  9 10 11 12 |
---------------+-------------------------------------+-----
Stealth        | 2 3 5 8 9 10 | 10.0
Dodging        | 3 5 8 10 | 10.3
Shields        | 3 4 |  4.2
Short Blades   | 2 4 6 8 9 |  9.6
Necromancy     | 6 7 |  7.1
Charms         | 1 |  1.4
Spellcasting   | 3 |  3.2
Conjurations   | 5 |  5.4
Fire Magic     | 3 |  3.5
Evocations     | 2 |  2.0
Fighting       | |  3.0
Polearms       | |  3.0

Action                   |  1- 3 |  4- 6 |  7- 9 | 10-12 || total
-------------------------+-------+-------+-------+-------++-------
Melee: Spear             |    49 |    10 |       |       ||    59
       Constrict         |    11 |    42 |    49 |    48 ||   150
       Dagger            |       |   152 |   215 |   331 ||   698
       Tentacles         |       |    17 |    34 |    61 ||   112
       Long sword        |       |       |     3 |     7 ||    10
       Trident           |       |       |       |     3 ||     3
Throw: Dart              |    18 |    27 |    58 |    70 ||   173
 Cast: Pain              |       |       |       |    86 ||    86
       Regeneration      |       |       |       |     9 ||     9
       Animate Skeleton  |       |       |       |    14 ||    14
       Conjure Flame     |       |       |       |    15 ||    15
 Abil: Evoke Invisibilit |       |       |       |     6 ||     6
Evoke: Wand              |       |       |     7 |    11 ||    18
  Use: Scroll            |     2 |     2 |     8 |    14 ||    26
       Potion            |       |       |     4 |     5 ||     9
 Stab: Sleeping          |    12 |    10 |    12 |    13 ||    47
       Distracted        |       |       |     1 |     1 ||     2
       Invisible         |       |       |     2 |     6 ||     8
       Confused          |       |       |     2 |     3 ||     5
       Paralysed         |       |       |       |     1 ||     1
  Eat: Chunk             |       |     5 |     7 |    12 ||    24
       Ration            |       |       |     2 |     4 ||     6
Armor: Skin              |       |     7 |     4 |     4 ||    15
Dodge: Dodged            |    16 |    55 |    70 |   125 ||   266
Block: Buckler           |       |    19 |    40 |   116 ||   175
       Reflection        |       |       |       |     3 ||     3
       Rpst.: Long sword |       |       |       |     2 ||     2
